 Dungeon Crawl Stone Soup version 0.30-a0-1122-g620db56ad9 (webtiles) character file.

Game seed: 16872289103477306177

39 Kenran the Slasher (level 3, 0/29 HPs)
             Began as a Demonspawn Monk on Apr 22, 2023.
             Slain by a gnoll
             ... wielding a +0 flail
              (5 damage)
             ... on level 1 of the Dungeon.
             The game lasted 00:02:01 (1153 turns).

Kenran the Slasher (Demonspawn Monk)                Turns: 1153, Time: 00:02:01

Health: 0/29       AC:  5    Str: 13    XL:     3   Next: 28%
Magic:  3/3        EV: 11    Int: 11    God:
Gold:   32         SH:  5    Dex: 15    Spells: 2/2 levels left

rFire   . . .        a - +0 falchion
rCold   . . .        d - orb {light}
rNeg    . . .        b - +0 ring mail {rPois}
rPois   +            (no helmet)
rElec   .            (no cloak)
rCorr   .            (no gloves)
SInv    .            (no boots)
Will    .....        h - amulet of reflection
Stlth   +            (no ring)
HPRegen 0.24/turn    (no ring)
MPRegen 0.08/turn

%: reflection
@: glowing
A: demonic guardian 2
a: no special abilities


You were on level 1 of the Dungeon.
You visited 1 branch of the dungeon, and saw 2 of its levels.

You collected 32 gold pieces.

Inventory:

Hand Weapons
 a - a +0 falchion (weapon)
Armour
 b - a +0 ring mail of poison resistance (worn)
 d - an orb of light (worn)
Jewellery
 h - an amulet of reflection (around neck)
Scrolls
 f - a scroll of noise {unknown}
 i - 2 scrolls of immolation {unknown}
Potions
 c - a potion of ambrosia
 e - a potion of resistance {unknown}
 g - 2 potions of attraction {unknown}
 j - a potion of degeneration {unknown}


   Skills:
 - Level 3.0 Fighting
 + Level 4.0 Long Blades
 - Level 2.6 Dodging


You had 2 spell levels left.
You didn't know any spells.
Your spell library was empty.

Dungeon Overview and Level Annotations

Branches:
Dungeon (2/15)

Altars:

Annotations:
D:1 exclusion: downstairs


Innate Abilities, Weirdness & Mutations

A demonic guardian rushes to your aid.


Message History

You start resting.
HP restored.
Things that are here:
a +0 flail; a gnoll corpse You see here a +0 club.
There is a stone staircase leading down here.
You climb downwards.
There is a stone staircase leading up here.
You slash the worm!
The worm is heavily wounded.
The worm bites you.
You slash the worm!
The worm is severely wounded.
The worm closely misses you.
You slash the worm!
You kill the worm!
No target in view!
You start resting.
A gnoll and a dart slug come into view.
There are no items here.
You block the gnoll's attack.
You climb upwards.
Level annotation: exclusion: downstairs
There is a stone staircase leading down here.
You hit the gnoll but do no damage. The gnoll hits you with a +0 flail!
You barely miss the gnoll. The gnoll hits you with a +0 flail.
You are too injured to fight recklessly!
You barely miss the gnoll. The gnoll closely misses you.
You hit the gnoll.
The gnoll is lightly wounded.
The gnoll hits you with a +0 flail.
You hit the gnoll but do no damage.
The gnoll is lightly wounded.
The gnoll hits you with a +0 flail.
* * * LOW HITPOINT WARNING * * *
A demonic guardian appears!
You hit the gnoll.
The gnoll is moderately wounded.
The gnoll hits you with a +0 flail.
You die...

#..#........#.# #...###.#### ##
#..#.########.# #.....#.##### ##
#..#........#.###.##..#.#.).# ##.
#..########.#.[##.#)#.......# #.#
#...............#.#.#..##...###.#
#.#.......#####.#.#.#.####......#
#.....##...####....##...#######..
####.###.#.....g........# #.# #.#
#...##..4@....##.# #..
###.####[..............# ##.
#.......####........##.# #.
#.###.#.# ##..........# #.
#.###.#.######.........# #.
#.##..#.##........#.##.########.
#...#.#.##........#.#...#.......
#..###..##(.......#.............
##..#.####..>.....###...#.......


You could see a gnoll (ally target) and a friendly rust devil (summoned).

Vanquished Creatures
  A gnoll (D:1)
  A worm (D:2)
  A dart slug (D:1)
  An endoplasm (D:1)
  2 giant cockroaches (D:1)
  2 goblins (D:1)
  2 hobgoblins (D:1)
  2 kobolds (D:1)
  2 quokkas (D:1)
  4 ball pythons (D:1)
  3 bats (D:1)
  2 frilled lizards (D:1)
23 creatures vanquished.

Notes
Turn   | Place    | Note
-------+----------+-------------------------------------------
     0 | D:1      | Kenran the Demonspawn Monk began the quest for the Orb.
     0 | D:1      | Reached XP level 1. HP: 18/18 MP: 1/1
    85 | D:1      | Reached skill level 3 in Long Blades
   343 | D:1      | Gained mutation: A weak demonic guardian rushes to your
                  | aid. [demonic ancestry]
   343 | D:1      | Reached XP level 2. HP: 24/24 MP: 2/2
  1018 | D:1      | Reached skill level 4 in Long Blades
  1018 | D:1      | Gained mutation: A demonic guardian rushes to your aid.
                  | [demonic ancestry]
  1018 | D:1      | Reached XP level 3. HP: 12/29 MP: 3/3
  1153 | D:1      | Slain by a gnoll

Illustrated notes

Levels and vault maps discovered:
D:1:      kennysheep_arrival_seaside, layout_loops_cross, minivault_27,
          minmay_pentomino_q2
D:2:      layout_loops_cross, serial_shops, shop, minmay_hedge_maze,
          nicolae_hexahallways

Skill      XL: |  1  2 |
---------------+-------+-----
Long Blades    | 3 4 |  4.0
Fighting       | |  3.0
Dodging        | |  2.6

Action                     || total
---------------------------++-------
  Melee: Falchion          ||    60
 Armour: Robe              ||     6
         Chain mail        ||     6
         Ring mail         ||     9
  Dodge: Dodged            ||    35
  Block: Orb               ||     8

Table legend: (Time is in decaauts)
 A = Elapsed time spent in this place.
 B = Non-inter-level travel time spent in this place.
 C = Inter-level travel time spent in this place.
 D = Time resting spent in this place.
 E = Time spent auto-exploring this place.
 F = Levels seen in this place.
 G = Mean time per level.
                   A        B        C        D        E       F      G
               +--------+--------+--------+--------+--------+-----+--------+
         Total |   1164 |   1063 |    101 |     99 |    654 |   2 |  582.0 |
       Dungeon |   1164 |   1063 |    101 |     99 |    654 |   2 |  582.0 |
               +--------+--------+--------+--------+--------+-----+--------+

Top non-repeatable levels by time:
     D:1: 1130 daAuts
     D:2: 33 daAuts
